 Dungeon Crawl Stone Soup version 0.21.1-1-g345015fe64 (webtiles) character file.

6720 Htamos the Warrior (level 11, -1/126 HPs)
             Began as a Gargoyle Berserker on July 14, 2018.
             Was a High Priest of Trog.
             Slain by an orc knight
             ... wielding a +0 trident
              (28 damage)
             ... in a bailey.
             The game lasted 00:18:59 (9009 turns).

Htamos the Warrior (Gargoyle Berserker)             Turns: 9009, Time: 00:18:59

Health: -1/126     AC: 23    Str: 27    XL:     11   Next: 4%
Magic:  0/11       EV:  7    Int:  7    God:    Trog [*****.]
Gold:   537        SH:  3    Dex: 12    Spells: 10/10 levels left

rFire    . . .     SeeInvis .   f - +2 flail (crush)
rCold    . . .     Gourm    .   (no shield)
rNeg     + . .     Faith    .   C - +5 plate armour
rPois    ∞         Spirit   +   (no helmet)
rElec    +         Reflect  +   H - scarf {Spirit}
rCorr    .         Harm     .   (no gloves)
MR       .....                  (no boots)
Stlth    ..........             t - +3 amulet of reflection
HPRegen  0.31/turn              (no ring)
MPRegen  0.12/turn              (no ring)

@: berserking (expiring), very quick
A: negative energy resistance 1, electricity resistance, unbreathing,
petrification resistance, rot immunity, AC +8
a: Berserk, Trog's Hand, Brothers in Arms, Burn Spellbooks, Renounce Religion


You were in a bailey.
You worshipped Trog.
Trog was extremely pleased with you.
You were hungry.

You visited 1 branch of the dungeon, and saw 9 of its levels.
You also visited: Ossuary and Bailey.

You collected 537 gold pieces.

Inventory:

Hand Weapons
 a - a +0 mace
 f - a +2 flail of crushing (weapon)
 m - a +2 antimagic lajatang
 p - a +1 flail of holy wrath
 B - a +1 whip of flaming
 L - a +3 flail
Armour
 C - a +5 plate armour (worn)
 H - a scarf of spirit shield (worn)
Jewellery
 t - a +3 amulet of reflection (around neck)
 J - a +3 ring of strength {unknown}
Wands
 o - a wand of polymorph (22)
 A - a wand of digging (22)
 D - a wand of disintegration (12)
Scrolls
 g - a scroll of magic mapping
 h - 5 scrolls of remove curse
 i - 2 scrolls of fear
 l - 4 scrolls of teleportation
 n - 6 scrolls of identify
 s - 5 scrolls of fog {unknown}
 w - a scroll of enchant weapon {unknown}
 x - a scroll of blinking {unknown}
 y - a scroll of amnesia
 z - a scroll of immolation {unknown}
 K - a scroll of noise {unknown}
Potions
 b - 3 potions of degeneration {unknown}
 e - 3 potions of lignification {unknown}
 j - 2 potions of ambrosia {unknown}
 k - 2 potions of heal wounds
 q - a potion of cancellation {unknown}
 r - 4 potions of curing {unknown}
 u - a potion of might {unknown}
 v - 2 potions of agility
 E - a potion of berserk rage {unknown}
 F - 2 potions of haste {unknown}
 G - 2 potions of flight {unknown}
 I - a potion of invisibility {unknown}
Books
 d - a book of Minor Magic

   Spells                             Type                      Level
   a - Magic Dart                     Conjuration                  1
   b - Blink                          Translocation                2
   c - Call Imp                       Summoning                    2
   d - Slow                           Hexes                        2
   e - Conjure Flame                  Conjuration/Fire             3
   f - Mephitic Cloud                 Conjuration/Poison/Air       3
   Trog disapproves of the use of such an item.
Comestibles
 c - 12 rations
 M - 9 chunks of flesh


   Skills:
 + Level 16.9 Fighting
 - Level 3.0 Maces & Flails
 - Level 2.1 Armour
 - Level 1.5 Dodging


You had 10 spell levels left.
You didn't know any spells.

Dungeon Overview and Level Annotations

Branches:
Dungeon (9/15)             Temple (0/1) D:5
   Lair: D:8-11         Orc: D:9-12

Altars:
Cheibriados
Dithmenos
Elyvilon
Fedhas
Hepliaklqana
Kikubaaqudgha
Makhleb
Nemelex Xobeh
Okawaru
Sif Muna
Trog
Uskayaw
Zin
The Shining One

Shops:
D:8 :


Innate Abilities, Weirdness & Mutations

You are resistant to torment.
Your stone body is resilient. (AC +8)
You are immune to poison.
You resist negative energy. (rN+)
You are resistant to electric shocks. (rElec)
You can survive without breathing.
You are immune to petrification.
You are immune to rotting.


Message History

The orc knight hits you with a trident!
* * * LOW HITPOINT WARNING * * *
You barely miss the orc knight.
The orc knight is moderately wounded.
The orc knight roars a battlecry!
The orcs go into a battle-frenzy!
The orc knight hits you with a trident!!
* * * LOW HITPOINT WARNING * * *
You hit the orc knight.
The orc knight is heavily wounded.
Some of the chunks of flesh in your inventory have rotted away.
You closely miss the orc knight.
The orc knight is heavily wounded.
The orc knight completely misses you.
You are too berserk!
You barely miss the orc knight.
The orc knight is heavily wounded.
The orc knight hits you with a trident!!
* * * LOW MAGIC WARNING * * *
You die...

#.≈.##.....##........ #.$$$.#
#.≈.)##...'#..≈§§≈≈≈≈ ##
#.≈≈))##.##..≈§§....≈ ##.
##.≈≈).#'#..≈≈...⌠... #..
#∩.≈≈..#'#..≈§oo§∩⌠.. #..
#.≈≈..## ##..≈≈ooo..≈ ##.
#.≈..## #..≈≈≈≈≈≈≈ ## #.≈.##
#o....... #
#.≈.#########@###+############
#.≈.........)##.....##.)......
#.≈≈≈≈≈≈≈≈≈≈..##.∩.##..≈≈≈≈≈≈≈
#..........≈≈..## ##..≈≈......
##########..≈≈..###..≈≈..#####
##..≈≈.....≈≈..##
##..≈≈≈≈≈≈≈..## ##.........##
###########


You could see 3 orc knights and 3 orc warriors.

Vanquished Creatures
  2 two-headed ogres (D:8)
  Pikel (D:8)
  The ghost of Htamos the Cudgeler, a novice FoFi of Qazlal (D:4)
  Psyche (D:8)
  A hornet (D:9)
  Grinder (D:3)
  Sigmund (D:3)
  4 yaks
  A hungry ghost (D:8)
  2 orc warriors
  A necrophage (D:7)
  A phantom (D:4)
  A sky beast (D:7)
  2 centaurs
  4 ogres
  6 bullfrogs
  2 water moccasin zombies (Ossuary)
  2 scorpions
  5 howler monkeys
  A crimson imp (D:6)
  6 hounds
  2 jellies
  A gnoll shaman (D:8)
  An orc priest (D:4)
  14 orc wizards
  An iguana (D:9)
  A centaur skeleton (D:8)
  Terence (D:3)
  9 worker ants
  A big kobold zombie (Ossuary)
  A hound zombie (D:8)
  A hound skeleton (D:6)
  3 mummies
  A howler monkey zombie (D:8)
  7 gnolls
  3 howler monkey skeletons
  9 adders
  2 shadow imps
  2 adder skeletons
  8 adder zombies
  3 dart slugs
  4 worms
  3 leopard geckos
  33 orcs
  A ball python (D:2)
  3 giant cockroaches
  2 gnoll zombies (Ossuary)
  3 hobgoblins
  14 jackals
  6 kobolds
  6 quokkas
  7 bats
  2 frilled lizards
  10 goblins
  4 hobgoblin zombies
  4 kobold zombies (Ossuary)
  A leopard gecko zombie (D:8)
  7 orc zombies
  2 quokka skeletons
  5 rats
234 creatures vanquished.

Vanquished Creatures (others)
  An orc wizard (D:2)
1 creature vanquished.

Grand Total: 235 creatures vanquished

Notes
Turn   | Place    | Note
-------+----------+-------------------------------------------
     0 | D:1      | Htamos the Gargoyle Berserker began the quest for the Orb.
     0 | D:1      | Reached XP level 1. HP: 14/14 MP: 1/1
   474 | D:1      | Reached XP level 2. HP: 20/20 MP: 2/2
   601 | D:1      | Found a glowing golden altar of the Shining One.
   643 | D:1      | Reached skill level 4 in Fighting
  1394 | D:2      | Reached XP level 3. HP: 24/24 MP: 3/3
  1435 | D:2      | Found an iron altar of Okawaru.
  1470 | D:2      | Reached skill level 5 in Fighting
  1874 | D:2      | Reached XP level 4. HP: 31/31 MP: 4/4
  1896 | D:2      | Reached ** piety under Trog
  1923 | D:2      | HP: 1/31 [something/magic dart (2)]
  2144 | D:2      | Found a bloodstained altar of Trog.
  2147 | D:2      | Found a deep blue altar of Sif Muna.
  2171 | D:2      | Found a glowing silver altar of Zin.
  2339 | D:3      | Noticed Terence
  2347 | D:3      | Killed Terence
  2347 | D:3      | Reached skill level 6 in Fighting
  2347 | D:3      | Reached XP level 5. HP: 36/36 MP: 5/5
  2494 | D:3      | Found a snail-covered altar of Cheibriados.
  2504 | D:3      | Noticed Sigmund
  2515 | D:3      | Killed Sigmund
  2515 | D:3      | Reached skill level 7 in Fighting
  2515 | D:3      | Reached XP level 6. HP: 44/44 MP: 6/6
  2708 | D:3      | Noticed Grinder
  2708 | D:3      | Paralysed by Grinder for 7 turns
  2717 | D:3      | Killed Grinder
  2717 | D:3      | Reached skill level 8 in Fighting
  2717 | D:3      | Reached XP level 7. HP: 50/50 MP: 7/7
  2961 | D:4      | Found a sparkling altar of Nemelex Xobeh.
  2964 | D:4      | Found a shadowy altar of Dithmenos.
  2985 | D:4      | Found a burning altar of Makhleb.
  3046 | D:4      | Reached skill level 9 in Fighting
  3369 | D:4      | Found a blossoming altar of Fedhas.
  3370 | D:4      | Found an ancient bone altar of Kikubaaqudgha.
  3719 | D:4      | Reached skill level 10 in Fighting
  3754 | D:4      | Found a hide-covered altar of Uskayaw.
  3769 | D:4      | Reached XP level 8. HP: 51/57 MP: 8/8
  3779 | D:4      | Noticed Htamos's ghost (novice FoFi)
  3789 | D:4      | Killed Htamos's ghost
  3796 | D:4      | Reached skill level 11 in Fighting
  3980 | D:4      | Found a glowing golden altar of the Shining One.
  4027 | D:4      | Found a white marble altar of Elyvilon.
  4327 | D:5      | Entered Level 5 of the Dungeon
  4451 | D:5      | Found a staircase to the Ecumenical Temple.
  5224 | D:6      | Reached skill level 12 in Fighting
  5227 | D:6      | Reached *** piety under Trog
  5318 | D:6      | Reached XP level 9. HP: 65/65 MP: 9/9
  5799 | D:5      | Reached skill level 13 in Fighting
  6626 | D:7      | Reached skill level 14 in Fighting
  6890 | D:7      | Reached **** piety under Trog
  7126 | D:7      | Reached XP level 10. HP: 76/76 MP: 10/10
  7339 | D:8      | Paralysed by fainting for 7 turns
  7408 | D:8      | Found Zojum's Book Emporium.
  7434 | D:8      | Found a sand-covered staircase.
  7443 | Ossuary  | Entered an ossuary
  7513 | Ossuary  | Reached skill level 15 in Fighting
  7561 | Ossuary  | Reached ***** piety under Trog
  7719 | D:8      | Noticed a two-headed ogre
  7730 | D:8      | Killed a two-headed ogre
  7760 | D:8      | Noticed Pikel
  7813 | D:8      | Killed Pikel
  7861 | D:8      | Found a hazy altar of Hepliaklqana.
  7927 | D:8      | Noticed Psyche
  7929 | D:8      | Killed Psyche
  7929 | D:8      | Reached skill level 16 in Fighting
  8093 | D:8      | Noticed a two-headed ogre
  8104 | D:8      | Killed a two-headed ogre
  8628 | D:9      | Found a flagged portal.
  8646 | D:9      | Reached XP level 11. HP: 69/84 MP: 9/11
  8680 | Bailey   | Entered a bailey
  8757 | Bailey   | Noticed an orc knight
  8802 | Bailey   | Received a gift from Trog
  8910 | Bailey   | Noticed an orc knight
  8911 | Bailey   | Noticed an orc knight
  9009 | Bailey   | Slain by an orc knight

Skill      XL: |  1  2  3  4  5  6  7  8  9 10 |
---------------+-------------------------------+-----
Fighting       | 4 5 6 7 8 10 12 14 16 | 16.9
Maces & Flails | |  3.0
Armour         | |  2.1
Dodging        | |  1.5

Action                   |  1- 3 |  4- 6 |  7- 9 | 10-12 || total
-------------------------+-------+-------+-------+-------++-------
Melee: Mace              |   111 |    37 |       |       ||   148
       Flail             |       |    23 |   382 |   309 ||   714
Invok: Berserk           |       |     4 |     6 |     7 ||    17
       Trog's Hand       |       |     1 |     1 |       ||     2
Evoke: Wand              |       |       |       |     5 ||     5
  Use: Potion            |       |     1 |     3 |     1 ||     5
       Scroll            |       |       |    11 |     3 ||    14
 Stab: Sleeping          |     2 |       |       |       ||     2
  Eat: Chunk             |     2 |     7 |    18 |    11 ||    38
       Ration            |       |       |     1 |     2 ||     3
Armor: Animal skin       |    12 |       |       |       ||    12
       Scale mail        |    49 |    32 |       |       ||    81
       Ring mail         |       |    13 |    61 |       ||    74
       Chain mail        |       |       |   169 |       ||   169
       Plate armour      |       |       |    45 |   337 ||   382
Dodge: Dodged            |    84 |    31 |   186 |   174 ||   475
Block: Other             |       |       |    41 |    60 ||   101
       Reflection        |       |       |     1 |       ||     1
